 Dungeon Crawl Stone Soup version 0.31-a0-940-gdaa99269f9 (webtiles) character file.

Game seed: 614652348469565296

1482 jt the Destroyer (level 8, -2/64 HPs)
             Began as a Naga Conjurer on Oct 20, 2023.
             Was an Initiate of Vehumet.
             Slain by an orc warrior
             ... wielding a +0 glaive
              (10 damage)
             ... on level 6 of the Dungeon.
             The game lasted 00:19:12 (5345 turns).

jt the Destroyer (Naga Conjurer)                    Turns: 5345, Time: 00:19:12

Health: -2/64      AC:  4    Str:  6 (9)  XL:     8   Next: 79%
Magic:  3/16       EV:  9    Int: 20 (21) God:    Vehumet [......]
Gold:   459        SH:  0    Dex:  7 (10) Spells: 11/17 levels left

rFire   . . .        v - +0 short sword (speed)
rCold   . . .        (no shield)
rNeg    . . .        a - +0 robe
rPois   +            (no helmet)
rElec   .            (no cloak)
rCorr   .            t - +0 pair of gloves
SInv    +            (no barding)
Will    +....        (no amulet)
Stlth   ++           (no ring)
HPRegen 0.30/turn    (no ring)
MPRegen 0.15/turn

%: no passive effects
@: short of breath, very slow
A: AC +2, large, see invisible, deformed body, poison resistance, slowness 2,
spit poison 1, naga tail 1
a: Spit Poison, Renounce Religion


You were on level 6 of the Dungeon.
You worshipped Vehumet.
Vehumet was noncommittal.
You visited 2 branches of the dungeon, and saw 7 of its levels.

You collected 459 gold pieces.

Inventory:

Hand Weapons
 g - a +0 dagger
 i - a +1 heavy hand axe
 j - a +1 falchion
 p - a +0 hand axe
 v - a +0 short sword of speed (weapon)
Missiles
 d - 41 stones
 f - 15 poisoned darts
 l - a throwing net
 s - 3 boomerangs
 y - 4 atropa-tipped darts
Armour
 a - a +0 robe (worn)
 h - a +0 ring mail
 t - a +0 pair of gloves (worn)
 u - a +0 leather armour
Magical Staves
 q - a staff of death
Wands
 A - a wand of polymorph (4)
Scrolls
 e - 2 scrolls of enchant weapon
 w - 2 scrolls of fog
 B - a scroll of butterflies {unknown}
Potions
 b - 3 potions of magic
 m - a potion of enlightenment
 n - 2 potions of curing
 o - a potion of brilliance
 r - 2 potions of ambrosia


   Skills:
 - Level 1.0 Fighting
 + Level 1.7 Dodging
 - Level 3.0 Stealth
 + Level 5.4 Spellcasting
 * Level 8.9 Conjurations
 + Level 3.8 Hexes


You had 11 spell levels left.
You knew the following spells:

 Your Spells              Type           Power      Damage    Failure   Level
a - Magic Dart            Conj           100%       1d8       1%          1
b - Searing Ray           Conj           82%        2d7       1%          2
c - Dazzling Flash        Conj/Hex       62%        N/A       2%          3

Your spell library contained the following spells:

 Spells                   Type           Power      Damage    Failure   Level
 Momentum Strike          Conj/Tloc      46%        3d9       2%          2
 Static Discharge         Conj/Air       46%        3-5/arc   2%          2
 Sigil of Binding         Hex            20%        N/A       7%          3
 Fulminant Prism          Conj/Hex       15%        3d10      8%          4
 Blink                    Tloc           10%        N/A       17%         2
 Lesser Beckoning         Tloc           10%        N/A       17%         2
 Iskenderun's Mystic Bla  Conj/Tloc      23%        2d6       17%         4
 Call Canine Familiar     Summ           5%         N/A       32%         3
 Frozen Ramparts          Ice            10%        1d2       32%         3
 Ozocubu's Armour         Ice            5%         N/A       32%         3
 Dimensional Bullseye     Hex/Tloc       6%         N/A       45%         4
 Leda's Liquefaction      Hex/Erth       6%         N/A       45%         4
 Airstrike                Air            2%         2d(1-17)  73%         4
 Petrify                  Tmut/Erth      5%         N/A       73%         4
 Summon Lightning Spire   Summ/Air       5%         N/A       73%         4
 Metabolic Englaciation   Hex/Ice        6%         N/A       80%         5
 Ozocubu's Refrigeration  Ice            2%         4d8       100%        7


Dungeon Overview and Level Annotations

Branches:
Dungeon (6/15)             Temple (1/1) D:5

Altars:
Ashenzari
Cheibriados
Dithmenos
Elyvilon
Fedhas
Hepliaklqana
Nemelex Xobeh
Okawaru
Qazlal
Trog
Uskayaw
Vehumet
Wu Jian
Yredelemnul
Zin

Annotations:
D:2 Terence


Innate Abilities, Weirdness & Mutations

Your serpentine skin is tough. (AC +2)
You have supernaturally acute eyesight. (SInv)
Armour fits poorly on your strangely shaped body.
Your system is resistant to poisons. (rPois)
You cover ground very slowly.
You can spit poison.
You have a snake-like lower body.


Message History

The orc warrior is severely wounded. (Press . to maintain the ray.)
The searing ray hits the orc warrior but does no damage.
The orc warrior is severely wounded.
The searing ray hits the orc wizard.
The orc wizard is almost dead.
You have got your breath back.
The orc wizard gestures wildly while chanting.
The orc wizard flickers and vanishes for a moment.
Blink to where?
Press: ? - help, Dir - move target, p - orc warrior
As you read the scroll of blinking, it crumbles to dust.
Unknown command.
You feel better.
An orc warrior is nearby!
Aiming: Spit Poison (1% risk of failure)
Press: ? - help, Shift-Dir - straight line, f - orc warrior
Aim: an orc warrior, wielding a +0 glaive and wearing a +0 chain mail (severely wounded, 60% to hit)
The splash of poison misses the orc warrior.
Casting: Searing Ray (safe; 1% risk of failure)
Confirm with . or Enter, or press ? or * to list all spells.
Aiming: Searing Ray (safe; 1% risk of failure)
Press: ? - help, Shift-Dir - straight line, f/p - orc warrior
Aim: an orc warrior, wielding a +0 glaive and wearing a +0 chain mail (severely wounded, 80% to hit)
The searing ray misses the orc warrior. (Press . to maintain the ray.)
The searing ray misses the orc warrior.
The orc warrior hits you from afar with a +0 glaive!
* * * LOW HITPOINT WARNING * * *
The searing ray hits the orc warrior.
The orc warrior is almost dead.
The searing ray hits the orc wizard!
You kill the orc wizard!
Vehumet accepts your kill. The orc warrior misses you.
The searing ray hits the orc warrior.
The orc warrior is almost dead.
You finish channelling your searing ray.
The orc warrior hits you from afar with a +0 glaive!
You die...

####.# #.# #.#.#.##..### #.#
#.# #...#.##..#.. #.# #.######
#.###.##..#.#
#[###......#######.# #.....[..
#...)..............######...##
##########.######..oo)..###.#
#........#####.# #.#
#########.# #o# #.#
#....@.o))# #.# #.#
#.#######.# #o# #.# #.#####.#
#.# #......o# #.#
##.#.######.## #............
############. ##


You could see an orc warrior.

Vanquished Creatures
  Grinder (D:5)
  Duvessa (D:6)
  2 ice beasts
  2 ogres (D:5)
  2 phantoms
  3 scorpions
  Dowan (D:6)
  2 orc priests
  2 jellies
  5 iguanas
  3 orc wizards
  4 adders
  A white imp (D:5)
  4 worms
  A dart slug (D:3)
  13 orcs
  11 endoplasms
  2 giant cockroaches (D:3)
  4 goblins
  5 hobgoblins
  6 quokkas
  10 ball pythons
  7 bats
  6 frilled lizards
  9 kobolds
  2 rats (D:1)
109 creatures vanquished.

Notes
Turn   | Place    | Note
-------+----------+-------------------------------------------
     0 | D:1      | jt the Naga Conjurer began the quest for the Orb.
     0 | D:1      | Reached XP level 1. HP: 15/15 MP: 3/3
   145 | D:1      | Reached XP level 2. HP: 15/22 MP: 0/5
   451 | D:1      | Reached XP level 3. HP: 19/28 MP: 6/6
  1029 | D:2      | Learned a level 2 spell: Searing Ray
  1588 | D:2      | Noticed Terence
  1889 | D:3      | Reached skill level 5 in Conjurations
  1904 | D:3      | Reached XP level 4. HP: 37/37 MP: 2/8
  2630 | D:4      | You fall into a shaft and drop 2 floors!
  2754 | D:6      | Reached skill level 1 in Fighting
  2769 | D:6      | Noticed an orc warrior
  2788 | D:6      | Noticed Dowan
  2822 | D:5      | Entered Level 5 of the Dungeon
  2822 | D:5      | Noticed an ogre
  2853 | D:5      | Noticed a scorpion
  2856 | D:5      | Killed a scorpion
  2857 | D:5      | Reached XP level 5. HP: 44/44 MP: 6/9
  2992 | D:5      | Reached skill level 6 in Conjurations
  3089 | D:4      | Reached XP level 6. HP: 51/51 MP: 9/11
  3692 | D:5      | Learned a level 3 spell: Dazzling Flash
  3748 | D:5      | Reached XP level 7. HP: 50/57 MP: 3/13
  3826 | D:5      | Found a snail-covered altar of Cheibriados.
  3826 | D:5      | Found a stormy altar of Qazlal.
  3875 | D:5      | Reached skill level 7 in Conjurations
  3875 | D:5      | Reached skill level 1 in Hexes
  4266 | D:5      | Found a staircase to the Ecumenical Temple.
  4278 | Temple   | Entered the Ecumenical Temple
  4309 | Temple   | Became a worshipper of Vehumet
  4495 | D:5      | Found a hide-covered altar of Uskayaw.
  4499 | D:5      | Found a shadowy altar of Dithmenos.
  4499 | D:5      | Found an iron altar of Okawaru.
  4499 | D:5      | Found a white marble altar of Elyvilon.
  4501 | D:5      | Noticed Grinder
  4518 | D:5      | Killed Grinder
  4519 | D:5      | Reached skill level 8 in Conjurations
  4519 | D:5      | Reached XP level 8. HP: 54/64 MP: 2/15
  4867 | D:6      | Reached skill level 5 in Spellcasting
  5024 | D:6      | Noticed Duvessa
  5035 | D:6      | Killed Dowan
  5036 | D:6      | Killed Duvessa
  5345 | D:6      | Slain by an orc warrior

Illustrated notes

Levels and vault maps discovered:
D:1:      wander_arrival_desolate, layout_rooms
D:2:      layout_loops_cross, uniq_terence
D:3:      layout_basic
D:4:      layout_rooms
D:5:      layout_basic, grunt_temple_overflow_open,
          amethyst_overflow_temple_binary, minmay_temple_entry_ruins,
          uniq_grinder
D:6:      layout_loops_ring, uniq_duvessa
Temple:   jpeg_temple_island

Skill      XL: |  1  2  3  4  5  6  7  8 |
---------------+-------------------------+-----
Conjurations   | 5 6 8 |  8.9
Fighting       | 1 |  1.0
Spellcasting   | 3 4 5 |  5.4
Hexes          | 2 3 |  3.8
Dodging        | |  1.7
Stealth        | |  3.0

Action                     |  1- 3 |  4- 6 |  7- 9 || total
---------------------------+-------+-------+-------++-------
  Melee: Unarmed           |     5 |       |       ||     5
         Club              |     3 |       |       ||     3
         Falchion          |    25 |    28 |    27 ||    80
         Dagger            |     1 |       |       ||     1
         Punch             |       |     1 |       ||     1
   Cast: Magic Dart        |    54 |    37 |    12 ||   103
         Searing Ray       |     1 |     5 |    19 ||    25
         Dazzling Flash    |       |       |     3 ||     3
Ability: Spit Poison       |    31 |    27 |    20 ||    78
    Use: Scroll            |     5 |     7 |     4 ||    16
         Potion            |       |     2 |     6 ||     8
   Stab: Sleeping          |     1 |       |     1 ||     2
 Armour: Robe              |    39 |    37 |    52 ||   128
  Dodge: Dodged            |    20 |    13 |    22 ||    55

Table legend: (Time is in decaauts)
 A = Elapsed time spent in this place.
 B = Non-inter-level travel time spent in this place.
 C = Inter-level travel time spent in this place.
 D = Time resting spent in this place.
 E = Time spent auto-exploring this place.
 F = Levels seen in this place.
 G = Mean time per level.
                   A        B        C        D        E       F      G
               +--------+--------+--------+--------+--------+-----+--------+
         Total |   6619 |   6380 |    239 |   1384 |   3103 |   7 |  945.6 |
       Dungeon |   6534 |   6376 |    158 |   1384 |   3103 |   6 | 1089.0 |
        Temple |     85 |      5 |     80 |      0 |      0 |   1 |   85.0 |
               +--------+--------+--------+--------+--------+-----+--------+

Top non-repeatable levels by time:
     D:5: 1435 daAuts
     D:3: 1350 daAuts
     D:6: 1041 daAuts
     D:1: 1002 daAuts
     D:2: 997 daAuts
     D:4: 707 daAuts
  Temple: 85 daAuts
